 Dungeon Crawl Stone Soup version 0.17.2-1-ge4368a0 (webtiles) character file.

98 ololoev the Skirmisher (level 4, 0/36 HPs)
             Began as a Demonspawn Fighter on Oct 25, 2016.
             Slain by a hound (2 damage)
             ... on level 4 of the Dungeon.
             The game lasted 00:03:42 (639 turns).

ololoev the Skirmisher (Demonspawn Fighter)          Turns: 639, Time: 00:03:43

Health: 0/36       AC:  9    Str: 17      XL:     4   Next: 43%
Magic:  4/4        EV:  7    Int: 10      God:
Gold:   15         SH:  0    Dex: 10 (12) Spells: 0 memorised, 3 levels left

rFire  . . .     SeeInvis .     a - +0 war axe
rCold  . . .     Clarity  .     f - +0 chain mail
rNeg   . . .     SustAt   .     (no shield)
rPois  .         Gourm    .     (no helmet)
rElec  .         Spirit   .     (no cloak)
rCorr  .         Warding  .     (no gloves)
rMut   .         Stasis   .     (no boots)
MR     .....                    (no amulet)
Stlth  ..........               (no ring)
                                (no ring)

@: not resistant to hostile enchantments, extremely unstealthy
A: powered by death 1
a: no special abilities


Innate Abilities, Weirdness & Mutations

You regenerate a little health from kills.

Inventory:

Hand Weapons
 a - a +0 war axe (weapon)
Armour
 f - a +0 chain mail (worn)
Scrolls
 b - a scroll of identify {unknown}
 g - 3 scrolls of teleportation {unknown}
Potions
 c - a potion of heal wounds {unknown}
 i - a potion of haste {unknown}
Comestibles
 e - 2 bread rations


   Skills:
 + Level 3.6 Fighting
 * Level 3.2 Axes
 + Level 3.3 Armour
   Level 2.6 Shields


You had 3 spell levels left.
You didn't know any spells.


You were on level 4 of the Dungeon.
You were not hungry.

You visited 1 branch of the dungeon, and saw 5 of its levels.

You collected 15 gold pieces.

.# .# .# .# #.# ##
# #.#.. ###### #.
#.#.# ......
#.###.#.#####
######
##............
.##....$...$...#
.......@h#.# #.#
.##......#.# #.#
###...#.#.###.#
........#h#...#
######..#.#.#####.#
.. #..#..........
... #.....<.......
#.#
######.####.#.###.#
#.# #...........#.#

Notes
Turn   | Place    | Note
--------------------------------------------------------------
     0 | D:1      | ololoev the Demonspawn Fighter began the quest for the Orb.
     0 | D:1      | Reached XP level 1. HP: 18/18 MP: 1/1
   195 | D:5      | Entered Level 5 of the Dungeon
   206 | D:4      | Found Exaopp's Assorted Antiques.
   215 | D:4      | Noticed an orc wizard
   225 | D:4      | Gained mutation: You regenerate a little health from kills. [demonic ancestry]
   225 | D:4      | Reached XP level 2. HP: 21/24 MP: 2/2
   230 | D:4      | Killed an orc wizard
   230 | D:4      | Reached XP level 3. HP: 26/29 MP: 3/3
   335 | D:5      | Noticed a quasit
   353 | D:5      | Killed a quasit
   395 | D:4      | Noticed ololoev's ghost (amateur DsFi)
   400 | D:4      | Found a sacrificial altar of Ru.
   536 | D:3      | Found a blossoming altar of Fedhas.
   576 | D:3      | Reached XP level 4. HP: 31/35 MP: 4/4
   589 | D:4      | Noticed a hound
   614 | D:4      | Killed a hound
   623 | D:4      | Noticed a hound
   639 | D:4      | Slain by a hound

Dungeon Overview and Level Annotations

Branches:
Dungeon (5/15)
 Temple: D:4-7

Altars:
Fedhas
Ru

Shops:
D:4 *

Annotations:
D:4 ololoev's ghost, amateur DsFi


Message History

A hound comes into view.
The hound barks!
You closely miss the hound. The hound barely misses you.
The hound closely misses you.
You barely miss the hound. The hound bites you. The hound bites you.
You miss the hound. The hound barely misses you.
The hound bites you but does no damage.
Your chain mail prevents you from hitting the hound.
The hound bites you. The hound bites you but does no damage.
You hit the hound.
The hound is moderately wounded.
The hound bites you but does no damage. The hound barely misses you.
Your chain mail prevents you from hitting the hound.
The hound is moderately wounded.
The hound bites you but does no damage. The hound bites you.
You closely miss the hound.
The hound is moderately wounded.
The hound bites you but does no damage. The hound closely misses you.
You barely miss the hound.
The hound is moderately wounded.
The hound bites you. x2
You closely miss the hound.
The hound is moderately wounded.
The hound bites you. The hound closely misses you.
You closely miss the hound.
The hound is moderately wounded.
The hound bites you. The hound bites you but does no damage.
You closely miss the hound.
The hound is moderately wounded.
The hound bites you. x2
You closely miss the hound.
The hound is moderately wounded.
The hound bites you but does no damage. The hound bites you.
You hit the hound.
The hound is heavily wounded.
The hound bites you but does no damage. The hound closely misses you.
You hit the hound but do no damage.
The hound is heavily wounded.
The hound closely misses you. The hound bites you.
You die...

You could see a hound.

Vanquished Creatures
  A hound (D:4)
  An orc wizard (D:4)
  A quasit (D:5)
  A giant gecko (D:3)
  4 orcs
  A hobgoblin (D:2)
  A kobold (D:3)
  A quokka (D:2)
  2 bats
  2 giant newts
15 creatures vanquished.

Action                   |  1- 3 |  4- 6 || total
-------------------------+-------+-------++-------
Melee: War axe           |    69 |    32 ||   101
  Use: Potion            |     3 |       ||     3

Vault maps used:
D:1:      kilobyte_arrival_exit_the_forest
D:2:      uniq_robin
D:3:      tgw_fedhas, nicolae_overflow_quartered_altars, tgw_sif,
          ecumenical_altar_1
D:4:      lemuel_upstairs_altar, kennysheep_mini, serial_shops, shop_fountains,
          first_bread, minmay_misc_feat_more_columns
D:5:      kennysheep_mini_moat
